 Dungeon Crawl Stone Soup version 0.22.1-2-g9c5b331383 (webtiles) character file.

206 Knorrr the Bolt Thrower (level 5, -12/42 HPs)
             Began as a Centaur Hunter on Dec 30, 2018.
             Was an Initiate of Ru.
             Mangled by an ogre
             ... wielding a +0 giant spiked club
              (20 damage)
             ... on level 5 of the Dungeon.
             The game lasted 00:31:44 (7162 turns).

Knorrr the Bolt Thrower (Centaur Hunter)            Turns: 7162, Time: 00:31:45

Health: -12/42     AC:  7    Str: 15    XL:     5   Next: 53%
Magic:  5/5        EV:  4    Int: 10    God:    Ru [......]
Gold:   117        SH:  0    Dex: 13    Spells: 4/4 levels left

rFire    . . .     SeeInvis +   z - +1 hand axe (distort)
rCold    . . .     Gourm    .   (no shield)
rNeg     . . .     Faith    .   k - +0 chain mail
rPois    .         Spirit   .   (no helmet)
rElec    .         Reflect  .   (no cloak)
rCorr    .         Harm     .   (no gloves)
MR       .....                  (no barding)
Stlth    ..........             (no amulet)
HPRegen  0.14/turn              g - +3 ring of dexterity
MPRegen  0.09/turn              i - ring of see invisible

@: very quick
A: large, hooves 3, deformed body, speed 2, tough skin 3
a: Renounce Religion


You were on level 5 of the Dungeon.
You worshipped Ru.
Ru was noncommittal.
You were hungry.

You visited 1 branch of the dungeon, and saw 5 of its levels.

You collected 117 gold pieces.

Inventory:

Hand Weapons
 a - a +2 hand crossbow
 b - a +0 short sword
 e - a +0 short sword
 o - a +0 whip of electrocution
 z - a +1 hand axe of distortion (weapon)
Missiles
 d - 45 bolts
 q - 53 stones (quivered)
 u - 22 sling bullets
 x - 20 poisoned needles
Armour
 c - a +0 leather armour
 k - a +0 chain mail (worn)
 p - a +0 leather armour
 y - a +0 plate armour
Jewellery
 g - a +3 ring of dexterity (left hand)
 i - a ring of see invisible (right hand)
 s - an uncursed ring of resist corrosion
Scrolls
 m - 2 scrolls of remove curse
 r - 2 scrolls of magic mapping
 v - 2 scrolls of teleportation
Potions
 h - 2 potions of flight {unknown}
 j - a potion of curing {unknown}
 l - 2 potions of haste {unknown}
 n - a potion of heal wounds {unknown}
 t - a potion of degeneration {unknown}
Comestibles
 w - a ration


   Skills:
 + Level 2.7 Fighting
 + Level 6.5 Crossbows
 + Level 1.6 Armour
 + Level 1.4 Dodging
 + Level 0.6 Stealth


You had 4 spell levels left.
You didn't know any spells.
Your spell library was empty.

Dungeon Overview and Level Annotations

Branches:
Dungeon (5/15)
 Temple: D:4-7

Altars:
Ashenzari
Cheibriados
Ru
Zin
The Shining One


Innate Abilities, Weirdness & Mutations

You have hooves in place of feet.
Armour fits poorly on your strangely shaped body.
You cover ground very quickly.
You have extremely tough skin. (AC +3)


Message History

You shoot a bolt. The bolt barely misses the ogre.
Firing (i - inventory. (/) - cycle)
d - 46 bolts (quivered)
Press: ? - help, Shift-Dir - straight line, f/p - ogre
Aim: an ogre, wielding a giant spiked club (lightly wounded)
You shoot a bolt. The bolt barely misses the ogre.
The ogre hits you with a giant spiked club.
Space warps around you for a moment!
z - a +1 hand axe of distortion (weapon)
You completely miss the ogre.
The ogre is lightly wounded.
The ogre hits you with a giant spiked club!!
* * * LOW HITPOINT WARNING * * *
Your chain mail prevents you from hitting the ogre.
Your kick misses the ogre.
The ogre is lightly wounded.
The ogre barely misses you.
You closely miss the ogre. Your kick misses the ogre.
The ogre is lightly wounded.
The ogre hits you with a giant spiked club!!
You die...

.....#.# #..#.#
#..#.######..#.#####
#...................
#(##.........#
#.##########.# #.#
#.# #.# #.#
#(##########.#
#(..O@.<.....#
##############


You could see an ogre.

Vanquished Creatures
  An orc wizard (D:3)
  A centaur skeleton (D:4)
  3 gnolls (D:4)
  5 adders
  An ooze (D:3)
  2 worms
  A dart slug (D:4)
  4 leopard geckos
  7 orcs
  2 bats (D:1)
  4 giant cockroaches
  2 goblins
  8 hobgoblins
  5 frilled lizards
  7 kobolds
  5 rats
58 creatures vanquished.

Notes
Turn   | Place    | Note
-------+----------+-------------------------------------------
     0 | D:1      | Knorrr the Centaur Hunter began the quest for the Orb.
     0 | D:1      | Reached XP level 1. HP: 17/17 MP: 1/1
   269 | D:1      | Reached XP level 2. HP: 24/24 MP: 2/2
   307 | D:1      | Reached skill level 5 in Crossbows
  1125 | D:2      | Reached XP level 3. HP: 23/29 MP: 3/3
  3804 | D:3      | Found a snail-covered altar of Cheibriados.
  4054 | D:3      | Reached XP level 4. HP: 32/36 MP: 4/4
  5292 | D:3      | Reached skill level 6 in Crossbows
  5292 | D:3      | Reached skill level 1 in Armour
  5887 | D:4      | Reached XP level 5. HP: 42/42 MP: 5/5
  6739 | D:4      | Found a glowing golden altar of the Shining One.
  6739 | D:4      | Found a shattered altar of Ashenzari.
  7057 | D:4      | Found a glowing silver altar of Zin.
  7062 | D:4      | Found a sacrificial altar of Ru.
  7082 | D:4      | Became a worshipper of Ru the Awakened
  7123 | D:5      | Entered Level 5 of the Dungeon
  7144 | D:5      | Noticed an ogre
  7162 | D:5      | Mangled by an ogre

Skill      XL: |  1  2  3  4 |
---------------+-------------+-----
Crossbows      | 5 6 |  6.5
Armour         | 1 |  1.6
Fighting       | |  2.7
Dodging        | |  1.4
Stealth        | |  0.6

Action                   |  1- 3 |  4- 6 || total
-------------------------+-------+-------++-------
Melee: Hand axe          |       |     3 ||     3
 Fire: Hand crossbow     |    83 |    61 ||   144
  Use: Scroll            |     4 |     5 ||     9
  Eat: Chunk             |     3 |       ||     3
       Ration            |     2 |     2 ||     4
Armor: Leather armour    |     7 |       ||     7
       Chain mail        |    15 |    11 ||    26
Dodge: Dodged            |     9 |     5 ||    14
